 Dungeon Crawl Stone Soup version 0.30.1 (webtiles) character file.

Game seed: 238440142094362177

2 cheesebisquit the Grave Robber (level 1, -2/14 HPs)
             Began as a Ghoul Necromancer on July 2, 2023.
             Slain by a jackal (3 damage)
             ... on level 1 of the Dungeon.
             The game lasted 00:00:54 (104 turns).

cheesebisquit the Grave Robber (Ghoul Necromancer)   Turns: 104, Time: 00:00:55

Health: -2/14      AC:  2    Str: 11    XL:     1   Next: 40%
Magic:  0/2        EV: 12    Int: 10    God:
Gold:   0          SH:  0    Dex:  9    Spells: 2/3 levels left

rFire   . . .        (no weapon)
rCold   + . .        (no shield)
rNeg    + + +        a - +0 robe
rPois   ∞            (no helmet)
rElec   .            (no cloak)
rCorr   .            (no gloves)
SInv    .            (no boots)
Will    .....        (no amulet)
Stlth   ++           (no ring)
HPRegen 0.00/turn    (no ring)
MPRegen 0.08/turn

%: no passive effects
@: inhibited regen
A: claws 1, cold resistance 1, negative energy resistance 3, inhibited
regeneration, torment resistance 2, devour on kill
a: no special abilities


You were on level 1 of the Dungeon.
You visited 1 branch of the dungeon, and saw 1 of its levels.

Inventory:

Armour
 a - a +0 robe (worn)
Scrolls
 c - a scroll of enchant weapon {unknown}


   Skills:
 + Level 0.1 Fighting
 + Level 1.8 Dodging
 - Level 2.1 Stealth
 + Level 1.8 Spellcasting
 * Level 4.0 Necromancy


You had 2 spell levels left.
You knew the following spells:

 Your Spells              Type           Power      Damage    Failure   Level
a - Necrotise             Necr           36%        1d5       6%          1

Your spell library contained the following spells:

 Spells                   Type           Power      Damage    Failure   Level
 Vampiric Draining        Necr           9%         2d6       19%         3
 Animate Dead             Necr           9%         N/A       52%         4
 Agony                    Necr           9%         N/A       86%         5


Dungeon Overview and Level Annotations

Branches:
Dungeon (1/15)

Altars:


Innate Abilities, Weirdness & Mutations

You are immune to poison.
You have sharp fingernails.
Your flesh is cold resistant. (rC+)
You are immune to negative energy. (rN+++)
You do not regenerate when monsters are visible.
You are immune to unholy pain and torment.
You thrive by killing the living.


Message History

You kill the jackal!
You barely miss the jackal.
The jackal is lightly wounded.
The jackal barely misses you. The jackal bites you.
You scratch the jackal but do no damage.
The jackal is lightly wounded.
The jackal bites you.
You scratch the jackal but do no damage.
The jackal is lightly wounded.
The jackal completely misses you.
You scratch the jackal but do no damage.
The jackal is lightly wounded.
The jackal misses you. The jackal barely misses you.
You closely miss the jackal.
The jackal is lightly wounded.
The jackal completely misses you. Magic courses through your body.
The jackal misses you. The jackal bites you.
* * * LOW HITPOINT WARNING * * *
You are too injured to fight recklessly!
Aiming: Necrotise (safe; 6% risk of failure)
Press: ? - help, Q - select action Shift-Dir - straight line, f - jackal
Aim: a jackal (lightly wounded, chance to affect: 76%)
The jackal barely resists.
The jackal barely misses you.
Aiming: Necrotise (safe; 6% risk of failure)
Press: ? - help, Q - select action Shift-Dir - straight line, f/p - jackal
Aim: a jackal (lightly wounded, chance to affect: 76%)
The jackal barely resists.
The jackal closely misses you.
Aiming: Necrotise (safe; 6% risk of failure)
Press: ? - help, Q - select action Shift-Dir - straight line, f/p - jackal
Aim: a jackal (lightly wounded, chance to affect: 76%)
The jackal writhes in agony.
The jackal bites you.
* * * LOW HITPOINT WARNING * * *
The jackal closely misses you.
You closely miss the jackal.
The jackal is severely wounded.
The jackal bites you.
You die...

............#...#..#
............#......#
...................#
...............#...#######
...............##........#
.........................#
................##.......#
########.#########.......#
#..†.....@hh#######
#..########.# #..# ..#
#### ##.# ###


You could see 2 jackals.

Vanquished Creatures
  2 jackals (D:1)
2 creatures vanquished.

Notes
Turn   | Place    | Note
-------+----------+-------------------------------------------
     0 | D:1      | cheesebisquit the Ghoul Necromancer began the quest for the
                  | Orb.
     0 | D:1      | Reached XP level 1. HP: 14/14 MP: 2/2
   104 | D:1      | Slain by a jackal

Illustrated notes

Levels and vault maps discovered:
D:1:      dpeg_arrival_solitude, layout_loops_ring, serial_co_window_serial,
          co_window_corner_a, co_window_paths_b, co_window_of_opportunity_a,
          co_window_paths_a, co_window_paths_a, co_window_corner_a,
          co_window_broadway_c, co_window_corner_b, co_window_unsneaky_path_d,
          co_window_cross_4, co_window_of_opportunity_c, glass_columns_b,
          glass_columns_a, st_stairs_10, glass_columns_c,
          wander_ebering_terrifying_dragon_lair

Action                     || total
---------------------------++-------
  Melee: Unarmed           ||    20
   Cast: Necrotise         ||     8
    Use: Potion            ||     1
 Armour: Robe              ||     6
  Dodge: Dodged            ||    21
